 Dungeon Crawl Stone Soup version 0.19.1 (webtiles) character file.

125 dohliylev the Sneak (level 4, 0/31 HPs)
             Began as a Vampire Enchanter on Nov 27, 2016.
             Succumbed to an orc wizard's poison
             ... on level 3 of the Dungeon.
             The game lasted 00:14:22 (3243 turns).

dohliylev the Sneak (Vampire Enchanter)             Turns: 3243, Time: 00:14:23

Health: 0/31       AC:  3    Str:  7    XL:     4   Next: 82%
Magic:  1/7        EV: 13    Int: 17    God:
Gold:   327        SH:  0    Dex: 15    Spells: 2 memorised, 4 levels left

rFire  . . .     SeeInvis +     a - +1 dagger
rCold  . . .     Gourm    .     b - +1 robe
rNeg   . . .     Faith    +     (no shield)
rPois  .         Spirit   .     (no helmet)
rElec  .         Reflect  .     (no cloak)
rCorr  .         Harm     .     (no gloves)
MR     .....                    (no boots)
Stlth  +++.......               n - amulet of faith
                                (no ring)
                                (no ring)

@: lethally poisoned (0 -> -12), regenerating quickly
A: fangs 3, see invisible, unbreathing
a: no special abilities


You were on level 3 of the Dungeon.
You were very full.

You visited 1 branch of the dungeon, and saw 3 of its levels.

You collected 327 gold pieces.

Inventory:

Hand Weapons
 a - a +1 dagger (weapon)
 r - a +0 club
 s - a +2 antimagic dagger
Missiles
 w - 14 poisoned needles
Armour
 b - a +1 robe (worn)
 t - a +0 ring mail of poison resistance
Jewellery
 n - an amulet of faith (around neck)
Scrolls
 g - a scroll of enchant weapon {unknown}
 h - 4 scrolls of identify {unknown}
 k - 2 scrolls of random uselessness {unknown}
 m - a scroll of magic mapping {unknown}
 p - 4 scrolls of remove curse {unknown}
 q - a scroll of enchant armour {unknown}
 u - 2 scrolls of recharging {unknown}
Potions
 d - 3 potions of blood
 e - 2 potions of agility {unknown}
 f - 2 potions of lignification {unknown}
 i - a potion of heal wounds {unknown}
 j - a potion of berserk rage {unknown}
 l - a potion of cancellation {unknown}
 o - a potion of brilliance {unknown}
 v - a potion of curing {unknown}
Books
 c - a book of Maledictions

   Spells                             Type                      Level
   a - Corona                         Hexes                        1
   b - Ensorcelled Hibernation        Hexes/Ice                    2
   c - Confuse                        Hexes                        3
   d - Tukima's Dance                 Hexes                        3
   e - Dazzling Spray                 Conjuration/Hexes            3


   Skills:
 + Level 0.5 Fighting
 + Level 1.5 Short Blades
 + Level 2.8 Dodging
 * Level 6.0 Stealth
 + Level 2.4 Spellcasting
 + Level 5.6 Hexes
 + Level 0.8 Ice Magic


You had 4 spell levels left.
You knew the following spells:

 Your Spells              Type           Power        Failure   Level  Hunger
a - Corona                Hex            ###....      1%          1    #......
b - Ensorcelled Hibernat  Hex/Ice        ##....       10%         2    ##.....


Dungeon Overview and Level Annotations

Branches:
Dungeon (3/15)

Altars:
Ashenzari
Cheibriados
Gozag
Sif Muna
The Shining One


Innate Abilities, Weirdness & Mutations

Your natural rate of healing is unusually fast.
You have razor-sharp teeth.
You have supernaturally acute eyesight. (SInv)
You can survive without breathing.


Message History

You hit the orc wizard.
The orc wizard is moderately wounded.
* * * LOW HITPOINT WARNING * * *
You feel sick.
The orc wizard hits you with a dagger of venom.
* * * LOW HITPOINT WARNING * * *
You are more poisoned.
You hit the orc wizard but do no damage.
The orc wizard is moderately wounded.
* * * LOW HITPOINT WARNING * * *
You feel sick.
The orc wizard points at you and mumbles some strange words.
You resist with some effort.
You miss the orc wizard. Your bite misses the orc wizard.
The orc wizard is moderately wounded.
* * * LOW HITPOINT WARNING * * *
You feel sick. The orc wizard barely misses you.
You hit the orc wizard but do no damage.
The orc wizard is moderately wounded.
You die...

#.......##.#####.#######.#
#.......#..............#.#
#>%.....#.............##.#
#..###..##.#.............#
#....#..#.......##########
#######.##.#..####.##)#
..............#.....#.#
#######....##.#.##..#.#
##...##.#.@)..#.#
#...'..###o###.#
#...#..........#
#...#...o#..####
#...#..###..###########
#...#.(...............#
#...#################.#
#.#...........#..)....#
#.#.#########)#.#######


You could see an orc wizard (invisible).

Vanquished Creatures
  Ijyb (D:2)
  2 adders
  3 worms
  2 dart slugs (D:1)
  2 leopard geckos (D:3)
  3 orcs (D:3)
  3 ball pythons
  4 giant cockroaches
  9 goblins
  6 hobgoblins
  2 jackals (D:3)
  A quokka (D:3)
  6 bats
  6 frilled lizards
  11 kobolds
  4 rats
  2 fungi (D:2)
67 creatures vanquished.

Notes
Turn   | Place    | Note
-------+----------+-------------------------------------------
     0 | D:1      | dohliylev the Vampire Enchanter began the quest for the Orb.
     0 | D:1      | Reached XP level 1. HP: 13/13 MP: 3/3
   519 | D:1      | Reached XP level 2. HP: 8/19 MP: 5/5
   799 | D:1      | Learned a level 2 spell: Ensorcelled Hibernation
  1301 | D:2      | Reached XP level 3. HP: 6/24 MP: 1/6
  1707 | D:2      | Reached skill level 5 in Hexes
  1710 | D:2      | Found a snail-covered altar of Cheibriados.
  1711 | D:2      | Noticed Ijyb
  2138 | D:2      | Found a shattered altar of Ashenzari.
  2151 | D:2      | Found an opulent altar of Gozag.
  2154 | D:2      | Found a deep blue altar of Sif Muna.
  2169 | D:2      | Found a glowing golden altar of the Shining One.
  2339 | D:2      | Reached skill level 5 in Stealth
  2346 | D:2      | Killed Ijyb
  2346 | D:2      | Reached XP level 4. HP: 30/30 MP: 1/7
  2517 | D:3      | Found a faded altar of an unknown god.
  3111 | D:3      | Reached skill level 6 in Stealth
  3242 | D:3      | HP: 1/31 [poisoned by an orc wizard]
  3243 | D:3      | Succumbed to an orc wizard's poison

Skill      XL: |  1  2  3  4 |
---------------+-------------+-----
Hexes          | 5 |  5.6
Stealth        | 5 6 |  6.0
Fighting       | |  0.5
Short Blades   | |  1.5
Dodging        | |  2.8
Spellcasting   | |  2.4
Ice Magic      | |  0.8

Action                   |  1- 3 |  4- 6 || total
-------------------------+-------+-------++-------
Melee: Dagger            |   222 |    79 ||   301
       Bite              |    23 |     3 ||    26
 Cast: Corona            |    11 |     1 ||    12
       Ensorcelled Hiber |    30 |    12 ||    42
 Stab: Sleeping          |    14 |    12 ||    26
       Distracted        |     2 |       ||     2
  Eat: Corpse            |    11 |     9 ||    20
Armor: Robe              |    68 |     7 ||    75
Dodge: Dodged            |   203 |    36 ||   239
